 Dungeon Crawl Stone Soup version 0.32-a0-114-g70af1cc7 (webtiles) character file.

Game seed: 7549667399246831052

106746 Dawnplanks the Devastator (level 16, -16/100 HPs)
             Began as a Tengu Air Elementalist on Feb 6, 2024.
             Was the Champion of Vehumet.
             Demolished by a shock serpent (29 damage)
             ... on level 2 of the Snake Pit.
             The game lasted 02:12:46 (27377 turns).

Dawnplanks the Devastator (Tengu Air Elementalist) Turns: 27377, Time: 02:12:47

Health: -16/100    AC:  3    Str: 13    XL:     16   Next: 45%
Magic:  27/44      EV: 23    Int: 30    God:    Vehumet [******]
Gold:   1936       SH:  5    Dex: 20    Spells: 1/44 levels left

rFire   + . .        J - staff of conjuration
rCold   + . .        (no shield)
rNeg    + + +        R - +0 robe of Dogma {Will+ Int+2}
rPois   +            A - -2 hat of the Alchemist {rElec rPois rF+ rC+ rN+ Will+ rMut rCorr}
rElec   +            G - +1 cloak {rPois}
rCorr   +            p - +0 pair of gloves {Str+3}
SInv    .            (boots unavailable)
Will    ++++.        L - amulet of Lugonu's Favour {Reflect rN+++ Will+ Str+3 SH+5}
Stlth   ++           m - +6 ring of intelligence
HPRegen 0.36/turn    I - ring of magical power
MPRegen 0.29/turn

%: reflection, acrobat, resist mutation
@: flying
A: beak, talons 3, evasive flight, acrobatic, agile 1, screaming 1, electricity
resistance, wild magic 1
a: Renounce Religion


You were on level 2 of the Snake Pit.
You worshipped Vehumet.
Vehumet was exalted by your worship.
You visited 5 branches of the dungeon, and saw 24 of its levels.
You also visited: Bailey.

You collected 5859 gold pieces.
You spent 3923 gold pieces at shops.

Inventory:

Hand Weapons
 U - the +4 flail of Impermanence {freeze, rElec MP+9 SInv Stlth+}
   (You found it on level 5 of the Lair of Beasts)

   rElec:     It insulates you from electricity.
   MP+9:      It affects your magic capacity (+9).
   SInv:      It lets you see invisible.
   Stlth+:    It makes you more stealthy.
Armour
 p - a +0 pair of gloves of strength (worn)
 A - the -2 hat of the Alchemist (worn) {rElec rPois rF+ rC+ rN+ Will+ rMut rCorr}
   (You bought it in a shop on level 8 of the Dungeon)

   rF+:       It protects you from fire.
   rC+:       It protects you from cold.
   rElec:     It insulates you from electricity.
   rPois:     It protects you from poison rN+: It protects you from negative
   energy.
   Will+:     It increases your willpower.
   rCorr:     It protects you from acid and corrosion.
   rMut:      It protects you from mutation.
 G - a +1 cloak of poison resistance (worn)
 R - the +0 robe of Dogma (worn) {Will+ Int+2}
   (You found it on level 4 of the Lair of Beasts)

   Int+2:     It affects your intelligence (+2).
   Will+:     It increases your willpower.
 T - a +0 kite shield of positive energy
Magical Staves
 J - a staff of conjuration (weapon)
Jewellery
 m - a +6 ring of intelligence (left hand)
 v - a ring of protection from cold
 H - a ring of resist corrosion
 I - a ring of magical power (right hand)
 L - the amulet of Lugonu's Favour (around neck) {Reflect rN+++ Will+ Str+3 SH+5}
   (You found it on level 5 of the Lair of Beasts)

   [amulet of reflection]

   Reflect:   It reflects blocked missile attacks.
   Str+3:     It affects your strength (+3).
   rN+++:     It renders you almost immune to negative energy.
   Will+:     It increases your willpower.
   SH+5:      It affects your SH (+5).
 W - the amulet "Anakil" {RegenMP rC+ rN++ MP-9 Str+2}
   (You took it off a yaktaur on level 12 of the Dungeon)

   [amulet of magic regeneration]

   RegenMP:   It increases your rate of magic regeneration.
   Str+2:     It affects your strength (+2).
   rC+:       It protects you from cold.
   rN++:      It greatly protects you from negative energy.
   MP-9:      It affects your magic capacity (-9).
 Z - a ring of fire
Wands
 h - a wand of quicksilver (29)
 u - a wand of charming (15)
 C - a wand of polymorph (23)
 D - a wand of digging (5)
 M - a wand of iceblast (5)
 P - a wand of flame (20)
Scrolls
 e - 2 scrolls of enchant weapon
 g - 9 scrolls of teleportation
 j - 4 scrolls of fog
 o - 3 scrolls of vulnerability {unknown}
 q - 4 scrolls of enchant armour
 r - 3 scrolls of brand weapon
 s - a scroll of torment
 t - 2 scrolls of immolation
 w - 2 scrolls of fear
 x - 8 scrolls of noise
 y - 3 scrolls of butterflies {unknown}
 z - 5 scrolls of poison
 B - 4 scrolls of revelation
 K - a scroll of silence
 Y - a scroll of blinking
Potions
 a - a potion of berserk rage
 b - a potion of magic
 c - 3 potions of resistance
 d - 5 potions of heal wounds
 f - 5 potions of might
 i - 7 potions of enlightenment
 k - 9 potions of brilliance
 l - 5 potions of lignification
 n - 8 potions of curing
 E - a potion of haste
 F - a potion of cancellation
 O - 3 potions of mutation
 S - 2 potions of attraction {unknown}
Miscellaneous
 X - a lightning rod (4/4)


   Skills:
 * Level 11.1 Fighting
 * Level 10.7 Dodging
 - Level 2.0 Stealth
 + Level 1.6 Shields
 + Level 14.5 Spellcasting
 * Level 19.0 Conjurations
 - Level 2.1 Fire Magic
 + Level 17.5 Air Magic
 - Level 0.6 Alchemy


You had one spell level left.
You knew the following spells:

 Your Spells              Type           Power      Damage    Failure   Level
a - Shock                 Conj/Air       100%       1d9       1%          1
b - Static Discharge      Conj/Air       100%       3-8/arc   1%          2
c - Swiftness             Air            100%       N/A       1%          3
d - Airstrike             Air            52%        2d(8-24)  1%          4
e - Iskenderun's Battles  Conj           100%       2d15      1%          5
f - Magic Dart            Conj           100%       1d8       1%          1
g - Mephitic Cloud        Conj/Alch/Air  100%       N/A       1%          3
h - Freezing Cloud        Conj/Ice/Air   55%        6-21      1%          5
i - Flame Wave            Conj/Fire      100%       2d21      1%          4
j - Ignite Poison         Fire/Alch      39%        N/A       4%          4
k - Conjure Ball Lightni  Conj/Air       65%        3x3d23    1%          6
l - Arcjolt               Conj/Air       65%        1d75      1%          5

Your spell library contained the following spells:

 Spells                   Type           Power      Damage    Failure   Level
 Orb of Destruction       Conj           66%        9d16      1%          7
 Sting                    Conj/Alch      100%       1d9       1%          1
 Necrotise                Necr           100%       1d9       4%          1
 Slow                     Hex            100%       N/A       4%          1
 Mercury Vapours          Alch/Air       100%       N/A       1%          2
 Momentum Strike          Conj/Tloc      100%       3d10      1%          2
 Stone Arrow              Conj/Erth      100%       3d13      1%          3
 Iskenderun's Mystic Bla  Conj/Tloc      100%       2d19      1%          4
 Bombard                  Conj/Erth      50%        9d8       3%          6
 Call Imp                 Summ           56%        N/A       5%          2
 Jinxbite                 Hex            56%        N/A       5%          2
 Sublimation of Blood     Necr           28%        N/A       5%          2
 Olgreb's Toxic Radiance  Alch           33%        N/A       7%          4
 Confusing Touch          Hex            28%        N/A       11%         3
 Fugue of the Fallen      Necr           28%        N/A       11%         3
 Ozocubu's Armour         Ice            28%        N/A       11%         3
 Sigil of Binding         Hex            28%        N/A       11%         3
 Summon Ice Beast         Ice/Summ       28%        N/A       11%         3
 Tukima's Dance           Hex            28%        N/A       11%         3
 Vampiric Draining        Necr           28%        2d8       11%         3
 Yara's Violent Unravell  Hex/Alch       15%        3d8       17%         5
 Anguish                  Hex/Necr       14%        N/A       30%         4
 Cause Fear               Hex            14%        N/A       30%         4
 Dimensional Bullseye     Hex/Tloc       14%        N/A       30%         4
 Manifold Assault         Tloc           28%        N/A       30%         4
 Martyr's Knell           Necr/Summ      28%        N/A       30%         4
 Passage of Golubria      Tloc           28%        N/A       30%         4
 Chain Lightning          Conj/Air       65%        3d86      36%         9
 Curse of Agony           Necr           28%        N/A       61%         5
 Summon Mana Viper        Hex/Summ       28%        N/A       61%         5
 Dispersal                Tloc           14%        N/A       99%         6
 Enfeeble                 Hex            14%        N/A       100%        7
 Monstrous Menagerie      Summ           14%        N/A       100%        7
 Summon Hydra             Summ           14%        N/A       100%        7
 Discord                  Hex            14%        N/A       100%        8
 Disjunction              Tloc           14%        N/A       100%        8


Dungeon Overview and Level Annotations

Branches:
Dungeon (14/15)            Temple (1/1) D:4            Lair (5/5) D:10
 Shoals (0/4) Lair:2        Snake (2/4) Lair:3        Slime (0/5) Lair:5
    Orc (2/2) D:11            Elf (0/3) Orc:2        Bailey (visited)
 Vaults: D:13-14

Altars:
Ashenzari
Cheibriados
Dithmenos
Elyvilon
Fedhas
Gozag
Hepliaklqana
Kikubaaqudgha
Makhleb
Nemelex Xobeh
Okawaru
Qazlal
Ru
Sif Muna
Trog
Uskayaw
Vehumet
Wu Jian
Xom
Yredelemnul
Zin
The Shining One
Jiyva

Shops:
D:6 **[=(   D:8 [:   D:9 (   D:11 [[!   D:13 !   Orc:2 :??:   Snake:1 [((*!
Snake:2 !!(

Annotations:
D:12 1 runed translucent door
Lair:2 1 exclusion
Snake:2 1 transporter, Maaleoru's ghost, journeyman TrBe


Innate Abilities, Weirdness & Mutations

You have a beak for a mouth.
You have claws for feet.
Your magical flight helps you evade attacks. (EV +4)
You can magically evade attacks while moving or waiting.
You are agile. (Dex +4, Str/Int -1)
You occasionally shout uncontrollably at your foes.
You are resistant to electric shocks. (rElec)
Your spells are a little harder to cast, but a little more powerful.


Message History

The shock serpent misses you.
The moth of wrath is engulfed in freezing vapours.
The moth of wrath goads the shock serpent on!
The shock serpent goes berserk!
The moth of wrath goads the black mamba on!
The black mamba goes berserk!
Maaleoru's ghost closely misses you.
Casting: Arcjolt (safe; 1% risk of failure)
Confirm with . or Enter, or press ? or * to list all spells.
You feel a surge of power!
Electricity surges outward!
Maaleoru's ghost is struck by an electric surge!!!!
Maaleoru's ghost is almost destroyed.
The black mamba is struck by an electric surge!!!
You kill the black mamba!
Vehumet accepts your kill.
You feel your power returning.
The shock serpent completely misses you.
The shock serpent bites you! The shock serpent shocks you. You resist.
The moth of wrath is engulfed in freezing vapours.
You block Maaleoru's ghost's attack.
Casting: Arcjolt (safe; 1% risk of failure)
Confirm with . or Enter, or press ? or * to list all spells.
You feel a surge of power!
Electricity surges outward!
Maaleoru's ghost is struck by an electric surge.
Maaleoru's ghost is almost destroyed.
The moth of wrath is struck by an electric surge!
You kill the moth of wrath!
Vehumet accepts your kill.
You feel your power returning.
The shock serpent completely misses you.
The shock serpent bites you. The shock serpent shocks you. You resist.
Maaleoru's ghost hits you!!!
* * * LOW HITPOINT WARNING * * *
The shock serpent closely misses you.
Your Conjurations skill increases to level 19!
You feel much better.
The shock serpent completely misses you.
Maaleoru's ghost hits you!!
* * * LOW HITPOINT WARNING * * *
The shock serpent bites you!!
You die...

###...<..## #....# ##......## #
##....########.#..####...#....#
##>...###..............>.###....
##.....#...####.©.####...## ##...
#....#...###. #####. ##...## ##..
....###.##§§#[$!!)?.. #....## ##.
...## #.#.§§§###=..##.##....## ##
...# ##.##.#§§§†S#.....#.....## #
...# #...#...#§†@W.##.S#.#....# #
...# #...#y.##§.#......#.##...# #
...###...#....#† .#...##.##...# #
.........##..... #....#.......###
..#.#.....##W### #####..........
..#.##.....###©####.....###......
###.##..................# #...###
.#...#..................# #..###.
###.########............# #.##...


You could see a shock serpent (berserk) and Maaleoru's ghost.

Vanquished Creatures
  An orc warlord (Orc:1)
  2 dire elephants (Lair:5)
  Nessos (Lair:4)
  5 hydras
  A salamander tyrant (Snake:2)
  2 ogre magi (D:12)
  2 catoblepae (Lair:5)
  A two-headed ogre (Orc:1)
  5 anacondas
  2 boulder beetles
  3 centaur warriors
  8 death yaks
  A tengu warrior (D:13)
  2 naga warriors (Snake:1)
  An occultist (D:12)
  2 shock serpents (Snake:2)
  An orc high priest (Orc:1)
  7 naga sharpshooters
  Amaemon (Lair:3)
  A skyshark (Lair:3)
  A salamander mystic (Snake:2)
  A skeletal warrior (D:12)
  9 mana vipers
  4 naga ritualists
  2 orc knights (Bailey)
  Pikel (D:7)
  3 orc sorcerers (Orc:1)
  3 harpies (Lair:2)
  2 lindwurms (Lair:5)
  5 ugly things
  2 cyclopes
  4 manticores
  12 salamanders
  10 elephants
  3 meliai (D:13)
  A guardian serpent (Snake:2)
  2 moths of wrath (Snake:2)
  A black mamba (shapeshifter) (D:13)
  6 kobold blastminers
  24 black mambas
  10 cane toads
  An orange demon (Lair:3)
  A torpor snail (Lair:5)
  3 gargoyles (D:12)
  4 kobold demonologists
  A yaktaur (D:12)
  6 rime drakes
  6 komodo dragons
  An unseen horror (D:12)
  7 trolls
  Prince Ribbit (D:7)
  2 hornets
  3 polar bears
  2 dream sheep (Lair:5)
  17 blink frogs
  8 slime creatures
  Sigmund (D:5)
  A shadow (D:9)
  7 wyverns
  4 wraiths
  2 wargs
  56 yaks
  5 basilisks
  A steam dragon (D:9)
  2 vampire mosquitoes (D:12)
  Menkaure (D:7)
  12 nagas
  11 water moccasins
  An ice beast (D:7)
  Duvessa (D:6)
  46 orc warriors
  5 black bears
  4 ogres
  A phantom (D:5)
  6 wolves
  10 centaurs
  2 lemures (D:7)
  8 kobold brigands
  Blork the orc (D:5)
  13 bullfrogs
  5 scorpions
  Dowan (D:6)
  18 killer bees
  2 electric eels (Lair:4)
  4 bombardier beetles
  2 howler monkeys
  A lava snake (D:12)
  5 hounds
  5 jellies
  18 orc priests
  Crazy Yiuf (D:7)
  A gnoll bouda (D:9)
  2 iguanas
  4 sleepcaps
  21 orc wizards
  7 hell rats
  7 gnolls
  6 adders
  2 white imps
  2 dart slugs
  A ribbon worm (D:4)
  75 orcs
  6 ball pythons
  7 endoplasms
  2 giant cockroaches
  9 hobgoblins
  5 jackals
  47 kobolds
  2 quokkas
  5 bats
  12 frilled lizards
  10 goblins
  7 rats
  A spectral goblin (D:8)
  A ball lightning (Orc:2)
723 creatures vanquished.

Vanquished Creatures (collateral kills)
  14 ball lightnings
14 creatures vanquished.

Vanquished Creatures (others)
  A human (D:3)
  113 ball lightnings
114 creatures vanquished.

Grand Total: 851 creatures vanquished

Notes
Turn   | Place    | Note
-------+----------+-------------------------------------------
     0 | D:1      | Dawnplanks the Tengu Air Elementalist began the quest for
                  | the Orb.
     0 | D:1      | Reached XP level 1. HP: 10/10 MP: 4/4
   185 | D:1      | Reached XP level 2. HP: 15/15 MP: 3/6
   452 | D:1      | Learned a level 2 spell: Static Discharge
   856 | D:1      | Reached XP level 3. HP: 19/19 MP: 2/7
  1184 | D:2      | Reached skill level 2 in Conjurations
  1684 | D:2      | Reached skill level 5 in Air Magic
  2177 | D:3      | Found a hide-covered altar of Uskayaw.
  2178 | D:3      | Noticed a scorpion
  2180 | D:3      | Killed a scorpion
  2181 | D:3      | Reached XP level 4. HP: 11/24 MP: 4/9
  2435 | D:3      | Found a basalt altar of Yredelemnul.
  2504 | D:3      | Reached skill level 3 in Conjurations
  2554 | D:3      | Identified the +3 ring mail of the Sea {rCorr}
  2558 | D:3      | Reached XP level 5. HP: 28/28 MP: 6/10
  2709 | D:3      | Learned a level 3 spell: Swiftness
  2714 | D:3      | Learned a level 4 spell: Airstrike
  2866 | D:3      | Found an ancient bone altar of Kikubaaqudgha.
  2869 | D:3      | Noticed a human
  2870 | D:3      | Killed a human
  2885 | D:3      | Found a glowing silver altar of Zin.
  3320 | D:4      | Found a shimmering blue altar of Sif Muna.
  3405 | D:4      | Reached XP level 6. HP: 32/32 MP: 6/12
  3426 | D:4      | Reached skill level 4 in Conjurations
  3853 | D:4      | Found a staircase to the Ecumenical Temple.
  3882 | Temple   | Entered the Ecumenical Temple
  3903 | Temple   | Became a worshipper of Vehumet
  4232 | D:4      | Reached skill level 1 in Fighting
  4232 | D:4      | Gained mutation: Your magical flight helps you evade
                  | attacks. (EV +4) [Tengu growth]
  4232 | D:4      | Reached XP level 7. HP: 25/38 MP: 7/14
  4359 | D:5      | Entered Level 5 of the Dungeon
  4396 | D:5      | Noticed Blork the orc
  4587 | D:5      | Killed Blork the orc
  4845 | D:5      | Noticed Sigmund
  4848 | D:5      | Killed Sigmund
  4849 | D:5      | Reached skill level 5 in Spellcasting
  4849 | D:5      | Reached skill level 5 in Conjurations
  4849 | D:5      | Reached XP level 8. HP: 43/43 MP: 4/16
  5101 | D:5      | Found a glowing golden altar of the Shining One.
  5532 | D:6      | Found Beucheum's General Store.
  5567 | D:6      | Bought a +1 cloak of poison resistance for 175 gold pieces
  5567 | D:6      | Bought a scroll of identify for 26 gold pieces
  5579 | D:6      | Bought a +0 pair of gloves for 58 gold pieces
  5579 | D:6      | Bought a potion of curing for 39 gold pieces
  5595 | D:6      | Found Fiolix's General Store.
  5603 | D:6      | Bought a scroll of identify for 26 gold pieces
  5603 | D:6      | Bought a scroll of identify for 26 gold pieces
  5620 | D:6      | Found an opulent altar of Gozag.
  5625 | D:6      | Noticed Dowan
  5626 | D:6      | Noticed Duvessa
  5629 | D:6      | Killed Dowan
  5642 | D:6      | Killed Duvessa
  5804 | D:6      | Found Baorchadd's Armour Shoppe.
  5854 | D:6      | Found Zasyt's Weapon Emporium.
  6063 | D:6      | Found Kitsompa's Jewellery Boutique.
  6130 | D:6      | Gained mutation: You occasionally shout uncontrollably at
                  | your foes. [potion of mutation]
  6130 | D:6      | Gained mutation: You are agile. (Dex +4, Str/Int -1)
                  | [potion of mutation]
  6130 | D:6      | Gained mutation: You are resistant to electric shocks.
                  | (rElec) [potion of mutation]
  6130 | D:6      | Gained mutation: Your spells are a little harder to cast,
                  | but a little more powerful. [potion of mutation]
  6170 | D:7      | Reached * piety under Vehumet
  6170 | D:7      | Offered knowledge of Foxfire by Vehumet.
  6170 | D:7      | Noticed Prince Ribbit
  6185 | D:7      | Killed Prince Ribbit
  6186 | D:7      | Reached skill level 6 in Conjurations
  6221 | D:7      | Reached XP level 9. HP: 49/49 MP: 14/19
  6267 | D:7      | Reached skill level 10 in Air Magic
  6288 | D:7      | Noticed Menkaure
  6290 | D:7      | Killed Menkaure
  6333 | D:7      | Found a flagged portal.
  6348 | Bailey   | Entered a bailey
  6436 | Bailey   | Noticed an orc knight
  6448 | Bailey   | Killed an orc knight
  6583 | Bailey   | Noticed an orc knight
  6589 | Bailey   | Killed an orc knight
  6589 | Bailey   | Offered knowledge of Mercury Vapours by Vehumet.
  6590 | Bailey   | Reached XP level 10. HP: 58/58 MP: 8/23
  6593 | Bailey   | Learned a level 2 spell: Mercury Vapours
  6598 | Bailey   | Identified the amulet "Muim" {Spirit Slay+3}
  6612 | Bailey   | Reached ** piety under Vehumet
  6965 | D:7      | Noticed Pikel
  6978 | D:7      | Killed Pikel
  6979 | D:7      | Reached skill level 7 in Conjurations
  7198 | D:7      | Found a runed translucent door.
  7199 | D:7      | Noticed Crazy Yiuf
  7208 | D:7      | Killed Crazy Yiuf
  7253 | D:7      | Found a burning altar of Makhleb.
  7423 | D:8      | Found a sacrificial altar of Ru.
  7542 | D:8      | Reached skill level 5 in Fighting
  7668 | D:8      | Found Lawedud's Tremendous Tomes.
  7776 | D:8      | Found Zamib's Antique Armour Shoppe.
  7922 | D:8      | Found a hazy altar of Hepliaklqana.
  8076 | D:8      | Bought the Catalogue of Blows for 960 gold pieces
  8078 | D:8      | Learned a level 1 spell: Magic Dart
  8082 | D:8      | Learned a level 3 spell: Mephitic Cloud
  8088 | D:8      | Learned a level 5 spell: Freezing Cloud
  8093 | D:8      | Learned a level 4 spell: Flame Wave
  8465 | D:9      | Offered knowledge of Searing Ray by Vehumet.
  8637 | D:9      | Found Kuwaegido's Weapon Emporium.
  8654 | D:9      | Reached skill level 8 in Conjurations
  8792 | D:9      | Reached *** piety under Vehumet
  8863 | D:9      | Found a shadowy altar of Dithmenos.
  9100 | D:9      | Reached XP level 11. HP: 64/64 MP: 12/25
  9200 | D:9      | Identified the +2 mace "Qitooff" {freeze, Stlth+}
  9277 | D:9      | Found an iron altar of Okawaru.
  9314 | D:10     | Entered Level 10 of the Dungeon
  9332 | D:10     | Offered knowledge of Ignite Poison by Vehumet.
  9340 | D:10     | Reached skill level 9 in Conjurations
  9346 | D:10     | Learned a level 4 spell: Ignite Poison
  9585 | D:10     | Reached **** piety under Vehumet
  9586 | D:10     | Reached skill level 5 in Dodging
  9594 | D:10     | Reached skill level 1 in Fire Magic
  9718 | D:10     | Found a sparkling altar of Nemelex Xobeh.
  9846 | D:10     | Found a shimmering altar of Xom.
  9968 | D:10     | Found a staircase to the Lair.
 10079 | D:11     | Offered knowledge of Inner Flame by Vehumet.
 10208 | D:11     | Found a radiant altar of Vehumet.
 10211 | D:11     | Reached skill level 10 in Spellcasting
 10214 | D:11     | Reached skill level 10 in Conjurations
 10387 | D:11     | Found Wix Nefiohi's Distillery.
 10701 | D:11     | Found Vofaxic's Antique Armour Shop.
 10738 | D:11     | Noticed a manticore
 10740 | D:11     | Reached XP level 12. HP: 71/71 MP: 21/27
 10767 | D:11     | Found Xuonuyll's Antique Armour Boutique.
 11182 | D:11     | Found a staircase to the Orcish Mines.
 11332 | Lair:1   | Entered Level 1 of the Lair of Beasts
 11814 | Lair:1   | Reached skill level 11 in Conjurations
 12003 | Lair:1   | Identified the +6 ring mail of the Nurturing Gods {rPois
                  | rF+ Str+2}
 12443 | Lair:2   | Reached ***** piety under Vehumet
 12445 | Lair:2   | Offered knowledge of Iskenderun's Battlesphere by Vehumet.
 12453 | Lair:2   | Learned a level 5 spell: Iskenderun's Battlesphere
 12593 | Lair:2   | Noticed a six-headed hydra
 12600 | Lair:2   | Killed a six-headed hydra
 12806 | Lair:2   | Reached skill level 12 in Conjurations
 12958 | Lair:2   | Reached XP level 13. HP: 61/78 MP: 29/29
 13093 | Lair:2   | Found a staircase to the Shoals.
 13423 | Lair:3   | Noticed Amaemon
 13430 | Lair:3   | Killed Amaemon
 13538 | Lair:3   | Reached skill level 15 in Air Magic
 13640 | Lair:3   | Reached skill level 13 in Conjurations
 13908 | Lair:3   | Found a staircase to the Snake Pit.
 14493 | Lair:4   | Identified the +0 robe of Dogma {Will+ Int+2}
 14961 | Lair:4   | Reached skill level 14 in Conjurations
 15066 | Lair:4   | Noticed Nessos
 15070 | Lair:4   | Killed Nessos
 15436 | Lair:5   | Entered Level 5 of the Lair of Beasts
 15715 | Lair:5   | Identified the +4 flail of Impermanence {freeze, rElec MP+9
                  | SInv Stlth+}
 15854 | Lair:5   | Reached XP level 14. HP: 86/86 MP: 31/31
 15858 | Lair:5   | Offered knowledge of Eringya's Noxious Bog by Vehumet.
 15889 | Lair:5   | Found a viscous altar of Jiyva.
 15914 | Lair:5   | Found a staircase to the Slime Pits.
 16140 | Lair:5   | Reached skill level 15 in Conjurations
 16268 | Lair:5   | Noticed a dire elephant
 16276 | Lair:5   | Killed a dire elephant
 16414 | Lair:5   | Noticed a dire elephant
 16710 | Lair:5   | Identified the amulet of Lugonu's Favour {Reflect rN+++
                  | Will+ Str+3 SH+5}
 16949 | Lair:5   | Killed a dire elephant
 17811 | Orc:1    | Entered Level 1 of the Orcish Mines
 17811 | Orc:1    | Noticed an orc warlord
 17822 | Orc:1    | Reached skill level 16 in Conjurations
 17828 | Orc:1    | Killed an orc warlord
 18357 | D:8      | Bought the -2 hat of the Alchemist {rElec rPois rF+ rC+ rN+
                  | Will+ rMut rCorr} for 944 gold pieces
 18357 | D:8      | Found the -2 hat of the Alchemist {rElec rPois rF+ rC+ rN+
                  | Will+ rMut rCorr}
 18495 | D:11     | Learned a level 6 spell: Conjure Ball Lightning
 18516 | Orc:2    | Entered Level 2 of the Orcish Mines
 18516 | Orc:2    | Found a staircase to the Elven Halls.
 18546 | Orc:2    | Offered knowledge of Arcjolt by Vehumet.
 19317 | Orc:2    | Found Zeon's Magic Scroll Emporium.
 19317 | Orc:2    | Found Gellauhe's Magic Scroll Shop.
 19317 | Orc:2    | Found Geidiunoe's Book Boutique.
 19320 | Orc:2    | Found Miviog's Book Shoppe.
 19324 | Orc:2    | Bought a scroll of identify for 28 gold pieces
 19324 | Orc:2    | Bought a scroll of identify for 28 gold pieces
 19325 | Orc:2    | Bought a scroll of noise for 15 gold pieces
 20667 | D:12     | Reached XP level 15. HP: 73/92 MP: 32/32
 20917 | D:12     | Reached skill level 17 in Conjurations
 20952 | D:12     | Reached skill level 10 in Fighting
 20953 | D:12     | Reached skill level 1 in Shields
 21307 | D:12     | Identified the amulet "Anakil" {RegenMP rC+ rN++ MP-9
                  | Str+2}
 21606 | D:12     | Got Dispater's Spellbook of Arcane Weapons
 21621 | D:12     | Found a runed translucent door.
 21622 | D:12     | Found a runed translucent door.
 21759 | D:12     | Identified a scroll of acquirement
 21761 | D:12     | Acquired 942 gold pieces
 21919 | Orc:2    | Bought 2 scrolls of acquirement for 1456 gold pieces
 21921 | Orc:2    | Acquired 619 gold pieces
 21922 | Orc:2    | Acquired 829 gold pieces
 22157 | D:12     | Identified the +0 leather armour of Altruism {Rampage}
 22580 | D:13     | Reached skill level 10 in Dodging
 23044 | D:13     | Offered knowledge of Irradiate by Vehumet.
 23324 | D:13     | Found Hanan's Distillery.
 24089 | Snake:1  | Entered Level 1 of the Snake Pit
 24240 | Snake:1  | Reached skill level 18 in Conjurations
 24637 | Snake:1  | Found Waaps's Antique Weapon Boutique.
 24640 | Snake:1  | Found Noteuva's General Store.
 24640 | Snake:1  | Found Amir's Armour Boutique.
 24643 | Snake:1  | Found Rubbace's Antique Weapon Shop.
 24759 | Snake:1  | Bought a scroll of blinking for 142 gold pieces
 24980 | Snake:1  | Found Birimuff's Distillery.
 25657 | Snake:2  | Reached XP level 16. HP: 53/99 MP: 34/34
 25855 | Snake:2  | Learned a level 5 spell: Arcjolt
 26372 | Snake:2  | Found a transporter.
 26526 | Snake:2  | Reached ****** piety under Vehumet
 26836 | Snake:2  | Found Gestrayf's Antique Weapon Shoppe.
 26840 | Snake:2  | Found Hisaus Copo's Distillery.
 26842 | Snake:2  | Found Dadwie's Distillery.
 26865 | Snake:2  | Found a transporter.
 26865 | Snake:2  | Noticed Maaleoru's ghost (journeyman TrBe)
 27374 | Snake:2  | Offered knowledge of Orb of Destruction by Vehumet.
 27376 | Snake:2  | HP: 3/100 [Maaleoru's ghost (45)]
 27377 | Snake:2  | Reached skill level 19 in Conjurations
 27377 | Snake:2  | Demolished by a shock serpent

Illustrated notes

Levels and vault maps discovered:
D:1:      minmay_arrival_radiant_lines, layout_loops_ring, minmay_lizard_pond
D:2:      layout_basic
D:3:      layout_basic, tgw_kikubaaqudgha, old_standard_altar,
          mainiacjoe_overflow_tiny_flanked, mainiacjoe_overflow_catwalk,
          minmay_misc_feat_chi
D:4:      layout_loops_ring, nicolae_sif_muna_condensation,
          minmay_temple_entry_wispy, skrybe_limestone_x, minmay_quadrilaterals
D:5:      layout_loops_cross, mainiacjoe_overflow_alcove_2,
          minmay_misc_feat_rows, grunt_decor_clamped,
          kennysheep_generic_room_10, uniq_sigmund, uniq_blork_the_orc
D:6:      layout_basic, mainiacjoe_overflow_small_starburst, serial_shops,
          nicolae_shop_hallway_stairs, shop_fountains, shop, shop, shop,
          uniq_duvessa
D:7:      nicolae_cairo_tiling, layout_cave_pools, makhleb_heckhound_becter,
          enter_bailey_5, dk_noncrumbling_4, uniq_menkaure,
          uniq_crazy_yiuf_cottage, uniq_prince_ribbit1, uniq_pikel
D:8:      layout_gridville, nicolae_hepliaklqana_monster_ancestors,
          nicolae_ru_awakened_eye, serial_shops, kennysheep_mini_moat,
          nicolae_shop_i_like_big_books, kennysheep_generic_room_9
D:9:      layout_loops_ring, marbit_many_paths, mainiacjoe_overflow_alcove_1,
          kennysheep_small_circle
D:10:     layout_roguey, mainiacjoe_overflow_chevrons,
          regret_index_xom_buried_treasure, grunt_lair_entry_orc_guard_hut
D:11:     layout_basic, david_orc_4, serial_shops, shop,
          nicolae_shop_tiny_waterfront, nicolae_shop_stone, kennysheep_nub,
          grunt_ministairs_5, vehumet_crystals
D:12:     minmay_the_grid_triangle_9x9_rhombus_full_mashed
          [minmay_the_grid_triangle_9x9_zippers_vertical,
          minmay_the_grid_triangle_9x9_swiss_cheese,
          minmay_the_grid_triangle_9x9_dagger,
          minmay_the_grid_triangle_9x9_thin_v,
          minmay_the_grid_triangle_9x9_zippers_horizontal,
          minmay_the_grid_triangle_9x9_checkered,
          minmay_the_grid_triangle_9x9_tough_junction,
          minmay_the_grid_triangle_9x9_prize_center], layout_gridville,
          kennysheep_cluttered_room
D:13:     layout_rooms, serial_shops, nicolae_shop_behind_doors, special_room
          [special_room_orc]
D:14:     layout_long_grid, erik_vaults_1
Temple:   nicolae_temple_bog_church
Lair:1:   layout_concentric_octagons
Lair:2:   layout_chaotic_city, nicolae_shoals_entry_roost
Lair:3:   layout_cellular_growth, guppyfry_snake_entry_garden,
          infiniplex_staircase_pool, uniq_amaemon
Lair:4:   layout_hall_layers, serial_bayou_shore_a, grunt_megastairs_2,
          lemuel_fruit_fields, lemuel_fruit_tree, uniq_nessos
Lair:5:   hangedman_lair_in_review, layout_gridlike,
          nicolae_slime_entry_field_trip, st_stairs_7
Snake:1:  layout_misc_corridors, serial_shops, shop, minmay_shoptagon
Snake:2:  layout_concentric_octagons, gammafunk_ghost_berserking_beasts,
          minmay_shop_star, serial_bayou_shore_b, grunt_megastairs_5,
          serial_bayou_shore_b
Orc:1:    layout_caves
Orc:2:    st_orc_rangers, layout_diamond_mine

Skill      XL: |  1  2  3  4  5  6  7  8  9 10 11 12 13 14 15 16 |
---------------+-------------------------------------------------+-----
Conjurations   | 2 3 4 5 6 8 10 12 14 16 18 19 | 19.0
Air Magic      | 5 6 7 8 9 11 12 13 14 15 16 17 | 17.5
Spellcasting   | 3 4 5 6 8 9 10 11 12 13 14 | 14.5
Fighting       | 1 2 4 5 6 8 9 10 11 | 11.1
Dodging        | 4 5 7 8 9 10 | 10.7
Fire Magic     | 1 2 |  2.1
Shields        | 1 |  1.6
Stealth        | |  2.0
Alchemy        | |  0.6

Action                     |  1- 3 |  4- 6 |  7- 9 | 10-12 | 13-15 | 16-18 || total
---------------------------+-------+-------+-------+-------+-------+-------++-------
  Melee: Dagger            |     6 |     5 |    11 |     5 |       |       ||    27
         Kick              |       |       |     2 |     2 |     1 |       ||     5
         Peck              |       |       |     2 |     2 |     2 |       ||     6
         Punch             |       |       |     1 |     2 |       |       ||     3
         Mace              |       |       |       |     6 |       |       ||     6
         Staff             |       |       |       |       |     3 |       ||     3
   Cast: Shock             |    55 |    75 |   101 |   160 |   130 |    39 ||   560
         Static Discharge  |     2 |     6 |    12 |    41 |     9 |    11 ||    81
         Airstrike         |       |     5 |    39 |    51 |    34 |     7 ||   136
         Magic Dart        |       |       |       |    35 |    83 |     1 ||   119
         Mercury Vapours   |       |       |       |    12 |       |       ||    12
         Mephitic Cloud    |       |       |       |     9 |       |       ||     9
         Flame Wave        |       |       |       |    16 |    36 |     1 ||    53
         Freezing Cloud    |       |       |       |    49 |   128 |    18 ||   195
         Swiftness         |       |       |       |     1 |       |       ||     1
         Iskenderun's Batt |       |       |       |     5 |    37 |       ||    42
         Conjure Ball Ligh |       |       |       |       |    56 |     7 ||    63
         Arcjolt           |       |       |       |       |       |    13 ||    13
    Use: Scroll            |       |       |    11 |     6 |    13 |     1 ||    31
         Potion            |       |       |     3 |       |     2 |     1 ||     6
 Armour: Robe              |     6 |    17 |    17 |   103 |   118 |    41 ||   302
         Skin              |       |       |    16 |       |       |       ||    16
  Dodge: Dodged            |     8 |    18 |    20 |   116 |   172 |    44 ||   378
  Block: Other             |       |       |       |       |    24 |     7 ||    31
         Reflection        |       |       |       |       |    15 |     2 ||    17

Table legend: (Time is in decaauts)
 A = Elapsed time spent in this place.
 B = Non-inter-level travel time spent in this place.
 C = Inter-level travel time spent in this place.
 D = Time resting spent in this place.
 E = Time spent auto-exploring this place.
 F = Levels seen in this place.
 G = Mean time per level.
                   A        B        C        D        E       F      G
               +--------+--------+--------+--------+--------+-----+--------+
         Total |  27396 |  25056 |   2340 |   2851 |  18607 |  25 | 1095.8 |
       Dungeon |  15192 |  13713 |   1479 |   1418 |  10508 |  14 | 1085.1 |
        Temple |     47 |      4 |     43 |      0 |      0 |   1 |   47.0 |
          Lair |   6110 |   5690 |    420 |    383 |   4503 |   5 | 1222.0 |
     Snake Pit |   3287 |   3127 |    160 |    680 |   1985 |   2 | 1643.5 |
  Orcish Mines |   2358 |   2122 |    236 |    353 |   1417 |   2 | 1179.0 |
        Bailey |    400 |    400 |      0 |     17 |    194 |   1 |  400.0 |
               +--------+--------+--------+--------+--------+-----+--------+

Top non-repeatable levels by time:
    D:11: 2107 daAuts
    D:12: 1906 daAuts
  Lair:5: 1814 daAuts
   Orc:2: 1774 daAuts
 Snake:1: 1703 daAuts
 Snake:2: 1583 daAuts
     D:3: 1183 daAuts
  Lair:1: 1140 daAuts
     D:8: 1139 daAuts
     D:2: 1117 daAuts
  Lair:3: 1076 daAuts
  Lair:4: 1044 daAuts
  Lair:2: 1035 daAuts
     D:5: 1026 daAuts
     D:1: 1017 daAuts
